 Dungeon Crawl Stone Soup version 0.31-a0-1570-g93c622d222 (webtiles) character file.

Game seed: 3683081057172444682

63686 jlumianski the Grappler (level 15, 0/117 HPs)
             Began as a Gnoll Shapeshifter on Jan 3, 2024.
             Was the Champion of Wu Jian.
             Slain by Sitazake's ghost (28 damage)
             ... on level 3 of the Lair of Beasts on Jan 4, 2024.
             The game lasted 02:13:45 (27447 turns).

jlumianski the Grappler (Gnoll Shapeshifter)       Turns: 27447, Time: 02:13:46

Health: 0/117      AC: 11    Str: 19    XL:     15   Next: 10%
Magic:  15/29      EV: 25    Int: 11    God:    Wu Jian [******]
Gold:   1070       SH:  0    Dex: 12    Spells: 9/34 levels left

rFire   . .          .
                       - Unarmed
rCold   . . .        (shield currently unavailable)
rNeg    + . .        v - melded +2 robe of the Evening Star {rF++}
rPois   .            H - +3 helmet of True Grit {Slay+3}
rElec   .            w - scarf {repulsion}
rCorr   .            m - +2 pair of gloves {infuse}
SInv    .            T - +2 pair of boots {Fly}
Will    +....        j - amulet of faith
Stlth   ++           k - +5 ring of evasion
HPRegen 0.39/turn    E - ring of positive energy
MPRegen 0.21/turn

%: repel missiles, faith, infuse magic (1 MP)
@: flux-form, flying, glowing
A: glow, contaminating, fangs 1, strong nose, distributed training
a: Begin Untransformation, Renounce Religion, Wall Jump, Serpent's Lash,
Heavenly Storm


You were on level 3 of the Lair of Beasts.
You worshipped Wu Jian.
Wu Jian was exalted by your worship.
You were something dangerously unstable.
You visited 4 branches of the dungeon, and saw 21 of its levels.
You also visited: Gauntlet.

You collected 1710 gold pieces.
You spent 640 gold pieces at shops.

Inventory:

Missiles
 i - 2 datura-tipped darts
 o - 6 boomerangs
Armour
 m - a +2 pair of gloves of infusion (worn)
 p - the +9 plate armour "Zeocis" {rN+}
   (You found it on level 2 of the Lair of Beasts)

   rN+:       It protects you from negative energy.
 v - the +2 robe of the Evening Star (melded) {rF++}
   (You found it on level 2 of the Dungeon)

   rF++:      It greatly protects you from fire.
 w - a scarf of repulsion (worn)
 H - the +3 helmet of True Grit (worn) {Slay+3}
   (You found it on level 5 of the Dungeon)

   Slay+3:    It affects your accuracy & damage with ranged weapons and melee
   (+3).
 T - a +2 pair of boots of flying (worn)
Jewellery
 c - a ring of see invisible
 h - a +6 ring of intelligence
 j - an amulet of faith (around neck)
 k - a +5 ring of evasion (left hand)
 E - a ring of positive energy (right hand)
Talismans
 d - a flux talisman (active)
 s - a maw talisman
Wands
 a - a wand of roots (4)
 A - a wand of mindburst (4)
 I - a wand of digging (3)
 L - a wand of flame (30)
 S - a wand of light (9)
Scrolls
 f - 2 scrolls of poison
 l - 13 scrolls of teleportation
 n - 3 scrolls of butterflies
 q - a scroll of revelation
 r - 2 scrolls of immolation
 x - a scroll of amnesia
 y - a scroll of identify
 C - a scroll of silence
 D - a scroll of brand weapon
 F - 2 scrolls of blinking
 X - 2 scrolls of fear
 Z - a scroll of fog
Potions
 b - 3 potions of lignification
 e - 6 potions of curing
 g - a potion of attraction
 u - 2 potions of haste
 B - 3 potions of resistance
 G - 2 potions of enlightenment
 M - 2 potions of ambrosia
 N - a potion of magic
 V - a potion of might
Miscellaneous
 t - a lightning rod (3/4)


   Skills:
 + Level 10.5 Fighting
 + Level 10.1 Short Blades
 + Level 10.1 Long Blades
 + Level 10.1 Axes
 + Level 10.1 Maces & Flails
 + Level 10.1 Polearms
 + Level 10.1 Staves
 + Level 10.1 Ranged Weapons
 + Level 10.1 Throwing
 + Level 10.1 Armour
 + Level 11.1 Dodging
 + Level 10.1 Stealth
 + Level 10.1 Shields
 + Level 12.0 Unarmed Combat
 + Level 10.1 Spellcasting
 + Level 8.5 Conjurations
 + Level 8.5 Hexes
 + Level 8.5 Summonings
 + Level 8.5 Necromancy
 + Level 8.5 Translocations
 + Level 8.5 Fire Magic
 + Level 8.5 Ice Magic
 + Level 8.5 Air Magic
 + Level 8.5 Earth Magic
 + Level 8.5 Alchemy
 + Level 11.0 Invocations
 + Level 10.1 Evocations
 + Level 11.3 Shapeshifting


You had 9 spell levels left.
You knew the following spells:

 Your Spells              Type           Power      Damage    Failure   Level
a - Frozen Ramparts       Ice            48%        1d8       1%          3
b - Volatile Blastmotes   Fire/Tloc      48%        2d14      1%          3
c - Inner Flame           Hex/Fire       24%        N/A       1%          3
d - Blink                 Tloc           48%        N/A       1%          2
e - Call Imp              Summ           48%        N/A       1%          2
f - Sticky Flame          Fire/Alch      24%        2d6       3%          4
g - Summon Lightning Spi  Summ/Air       24%        N/A       3%          4
h - Flame Wave            Conj/Fire      24%        2d8       3%          4

Your spell library contained the following spells:

 Spells                   Type           Power      Damage    Failure   Level
 Freeze                   Ice            96%        1d10      1%          1
 Magic Dart               Conj           96%        1d7       1%          1
 Jinxbite                 Hex            48%        N/A       1%          2
 Gell's Gravitas          Tloc           24%        N/A       1%          3
 Hailstorm                Conj/Ice       24%        3d7       1%          3
 Ozocubu's Armour         Ice            24%        N/A       1%          3
 Teleport Other           Tloc           24%        N/A       1%          3
 Animate Armour           Summ/Erth      48%        N/A       3%          4
 Fulminant Prism          Conj/Alch      12%        3d8       3%          4
 Iskenderun's Mystic Bla  Conj/Tloc      24%        2d7       3%          4
 Vhi's Electric Charge    Tloc/Air       48%        N/A       3%          4
 Arcjolt                  Conj/Air       12%        1d22      11%         5
 Irradiate                Conj/Alch      12%        3d15      11%         5
 Lee's Rapid Deconstruct  Erth           12%        3d8*      11%         5
 Metabolic Englaciation   Hex/Ice        12%        N/A       11%         5
 Yara's Violent Unravell  Hex/Alch       12%        3d7       11%         5
 Dispersal                Tloc           12%        N/A       50%         6
 Sculpt Simulacrum        Ice/Alch       12%        N/A       50%         6
 Enfeeble                 Hex            12%        N/A       97%         7
 Ignition                 Fire           12%        3d6       100%        8
 Maxwell's Capacitive Co  Air            12%        ∞         100%        8


Dungeon Overview and Level Annotations

Branches:
Dungeon (14/15) Temple (1/1) D:5 Lair (4/5) D:11 Swamp (0/4) Lair:3 Spider (0/4) Lair:3 Orc (2/2) D:9 Elf (0/3) Orc:2 Vaults (0/5) D:13 D:14 Gauntlet (visited) Slime: Lair:4-5

Altars:
Ashenzari
Cheibriados
Dithmenos
Elyvilon
Fedhas
Gozag
Hepliaklqana
Kikubaaqudgha
Makhleb
Nemelex Xobeh
Okawaru
Qazlal
Ru
Sif Muna
Trog
Uskayaw
Vehumet
Wu Jian
Xom
Yredelemnul
Zin
The Shining One

Shops:
D:7 [   Orc:2 !*[:

Portals:
Abyss: Lair:3
Pandemonium: Orc:2

Annotations:
D:10 2 transporters
Lair:3 Sitazake's ghost, journeyman TrWr


Innate Abilities, Weirdness & Mutations

You are something dangerously unstable.
You glow with magical radiation, making you easy to see and hit.
Foes you strike become dangerously contaminated with magical radiation.
You are incapable of wielding weapons or throwing items.
You have very sharp teeth.
Your uncanny sense of smell can sniff out nearby items.
Your experience applies equally to all skills.


Message History

Sitazake's ghost shudders as magic cascades through it.
Sitazake's ghost is heavily damaged.
The ufetubus misses you. The ufetubus completely misses you.
Sitazake's ghost hits you!! The ynoxinul completely misses you.
You hit Sitazake's ghost.
Sitazake's ghost begins to glow.
Sitazake's ghost is heavily damaged.
The ufetubus completely misses you. The ufetubus misses you.
You punch Sitazake's ghost!
Sitazake's ghost glows dangerously bright.
Sitazake's ghost is heavily damaged.
The ufetubus completely misses you. x2; The ynoxinul hits you.
Sitazake's ghost whispers, "It is all a dream - a grotesque and foolish dream."
Sitazake's ghost hits you!
* * * LOW HITPOINT WARNING * * *
The ufetubus misses you. The ufetubus completely misses you.
Press: ? - help, v - describe, . - travel, g - get item
Here: Sitazake's ghost (heavily damaged, heavily contaminated) Item here: an ugly thing corpse.
The floor, spattered with blood.
Unknown command.
Aiming: Thunderbolt
Press: ? - help, Shift-Dir - straight line, f - Sitazake's ghost
Aim: Sitazake's ghost (heavily damaged, heavily contaminated)
The thunderbolt hits Sitazake's ghost!!
Sitazake's ghost is severely damaged.
The ufetubus misses you. The ufetubus completely misses you.
Sitazake's ghost hits you!!
* * * LOW HITPOINT WARNING * * *
The ynoxinul misses you.
You feel much better. The ufetubus barely misses you. The ufetubus misses you.
Sitazake's ghost misses you.
You feel yourself growing ill in the presence of the ancient zyme.
The ynoxinul hits you.
* * * LOW HITPOINT WARNING * * *
The ufetubus barely misses you. The ufetubus completely misses you.
You barely miss Sitazake's ghost.
You bite Sitazake's ghost, but do no damage.
Sitazake's ghost is severely damaged.
Sitazake's ghost hits you!!
You die...

...........##.####W?##h##........
...........#..###xuh∩#W#......#..
........#..##....####iu###.......
........P...##..##©### . ##...###
##.#..#.....##..#....##.#.#......
####..#.#..##.#.###...##..#..##..
##..###..#.###5x##..##h##..###.
#...###..##.©W#35#..##W#.......
###'#.#....####p5##..##i#.......
#...........(.####....###...#...
##..............##......©†.......
#................................
.#...........................+...
.............##.......####..#....
.+.........#..........# #.#......
#P.........+..........# ######...
##.........##.........## #..###


You could see an ancient zyme, a ynoxinul, Sitazake's ghost (heavy contam) and 2
ufetubi.

Vanquished Creatures
  An orc warlord (Orc:2)
  Azrael (Orc:1)
  A minotaur (Gauntlet)
  A catoblepas (Gauntlet)
  2 centaur warriors
  3 demonspawn (Orc:2)
  3 boulder beetles
  4 two-headed ogres
  4 orc high priests (Orc:2)
  A skeletal warrior (D:11)
  2 bog bodies (Lair:2)
  A deep elf pyromancer (D:13)
  4 orc knights
  5 manticores
  7 ugly things
  6 cyclopes
  8 orc sorcerers
  A spectral centaur (Gauntlet)
  A meliai (Lair:3)
  2 black mambas (Lair:1)
  A smoke demon (Gauntlet)
  6 elephants
  An orange demon (Orc:1)
  5 cane toads
  4 gargoyles
  A kobold demonologist (D:11)
  An efreet (D:13)
  An ice devil (Orc:2)
  3 rime drakes
  A tengu conjurer (D:13)
  10 komodo dragons
  A red devil (Gauntlet)
  A polar bear (Lair:2)
  6 trolls
  A hellwing (Orc:2)
  6 blink frogs
  2 hornets
  A raiju (Lair:3)
  3 slime creatures (D:12)
  A water elemental (D:12)
  4 shadows
  2 wraiths (D:10)
  5 vampires
  3 wyverns
  41 yaks
  5 basilisks
  2 fire elementals (Orc:1)
  5 humans (D:13)
  2 steam dragons
  A vampire mosquito (D:12)
  3 acid dragons
  3 hell hounds
  12 water moccasins
  36 orc warriors
  A sky beast (D:5)
  4 black bears
  2 ice beasts (D:5)
  2 boggarts (D:13)
  4 wolves (Lair:2)
  7 ogres
  6 centaurs
  2 kobold brigands
  9 bullfrogs
  A gnoll sergeant (D:11)
  2 scorpions (D:6)
  4 wights (D:9)
  16 killer bees
  10 howler monkeys
  5 electric eels (D:12)
  2 jellies
  A bombardier beetle (D:5)
  2 crimson imps (Gauntlet)
  5 hounds
  19 orc priests
  A sleepcap (D:4)
  A gnoll bouda (D:8)
  21 orc wizards
  5 hell rats (Lair:2)
  7 adders
  3 gnolls (D:8)
  A white imp (D:7)
  5 dart slugs
  53 orcs
  5 bats
  6 endoplasms
  5 giant cockroaches
  14 goblins
  7 hobgoblins
  2 jackals (D:1)
  12 quokkas
  13 ball pythons
  2 frilled lizards
  17 kobolds
  14 rats
536 creatures vanquished.

Vanquished Creatures (collateral kills)
  An orc high priest (Orc:2)
  An orc sorcerer (Orc:2)
  2 yaks (Lair:3)
4 creatures vanquished.

Vanquished Creatures (others)
  An orc wizard (Orc:1)
1 creature vanquished.

Grand Total: 541 creatures vanquished

Notes
Turn   | Place    | Note
-------+----------+-------------------------------------------
     0 | D:1      | jlumianski the Gnoll Shapeshifter began the quest for the
                  | Orb.
     0 | D:1      | Reached XP level 1. HP: 17/17 MP: 1/1
    29 | D:1      | Found a faded altar of an unknown god.
   242 | D:2      | Reached XP level 2. HP: 18/23 MP: 2/2
   493 | D:2      | Reached XP level 3. HP: 24/28 MP: 3/3
   563 | D:3      | Reached skill level 1 in Invocations
   846 | D:1      | Reached skill level 1 in Short Blades
   846 | D:1      | Reached skill level 1 in Long Blades
   846 | D:1      | Reached skill level 1 in Axes
   846 | D:1      | Reached skill level 1 in Maces & Flails
   846 | D:1      | Reached skill level 1 in Polearms
   846 | D:1      | Reached skill level 1 in Staves
   846 | D:1      | Reached skill level 1 in Ranged Weapons
   846 | D:1      | Reached skill level 1 in Throwing
   846 | D:1      | Reached skill level 1 in Armour
   846 | D:1      | Reached skill level 1 in Stealth
   846 | D:1      | Reached skill level 1 in Shields
   846 | D:1      | Reached skill level 1 in Spellcasting
   846 | D:1      | Reached skill level 1 in Evocations
  1007 | D:1      | Reached XP level 4. HP: 32/34 MP: 5/5
  1418 | D:2      | Identified the +2 robe of the Evening Star {rF++}
  1903 | D:4      | Found a bloodstained altar of Trog.
  1946 | D:4      | Reached skill level 1 in Conjurations
  1946 | D:4      | Reached skill level 1 in Hexes
  1946 | D:4      | Reached skill level 1 in Summonings
  1946 | D:4      | Reached skill level 1 in Necromancy
  1946 | D:4      | Reached skill level 1 in Translocations
  1946 | D:4      | Reached skill level 1 in Fire Magic
  1946 | D:4      | Reached skill level 1 in Ice Magic
  1946 | D:4      | Reached skill level 1 in Air Magic
  1946 | D:4      | Reached skill level 1 in Earth Magic
  1946 | D:4      | Reached skill level 1 in Alchemy
  2074 | D:4      | Found a shadowy altar of Dithmenos.
  2085 | D:4      | Found a shimmering altar of Xom.
  2110 | D:5      | Entered Level 5 of the Dungeon
  2121 | D:5      | Reached XP level 5. HP: 37/40 MP: 5/7
  2205 | D:4      | Noticed an ogre
  2223 | D:4      | Killed an ogre
  2411 | D:4      | Reached XP level 6. HP: 47/47 MP: 8/8
  2422 | D:4      | Found a glowing golden altar of the Shining One.
  2456 | D:4      | Reached skill level 5 in Dodging
  2599 | D:4      | Found a glowing silver altar of Zin.
  2877 | D:3      | Found an iron altar of Okawaru.
  3221 | D:3      | Found a burning altar of Makhleb.
  3860 | D:5      | Reached skill level 7 in Unarmed Combat
  3860 | D:5      | Reached XP level 7. HP: 52/52 MP: 10/10
  4230 | D:5      | Identified the +3 helmet of True Grit {Slay+3}
  4410 | D:5      | Reached XP level 8. HP: 60/60 MP: 12/12
  4594 | D:5      | Found a staircase to the Ecumenical Temple.
  4602 | Temple   | Entered the Ecumenical Temple
  4619 | Temple   | Became a worshipper of the Wu Jian Council
  5070 | D:7      | Found Gots's Antique Armour Shoppe.
  5412 | D:5      | Reached XP level 9. HP: 66/67 MP: 14/14
  5499 | D:6      | Reached skill level 5 in Fighting
  5840 | D:6      | Reached skill level 8 in Unarmed Combat
  6139 | D:6      | Found a hazy altar of Hepliaklqana.
  6675 | D:7      | Reached skill level 5 in Invocations
  7109 | D:8      | Reached * piety under Wu Jian
  7283 | D:7      | Bought a pair of runed boots for 270 gold pieces
  7732 | D:8      | Reached skill level 5 in Short Blades
  7732 | D:8      | Reached skill level 5 in Long Blades
  7732 | D:8      | Reached skill level 5 in Axes
  7732 | D:8      | Reached skill level 5 in Maces & Flails
  7732 | D:8      | Reached skill level 5 in Polearms
  7732 | D:8      | Reached skill level 5 in Staves
  7732 | D:8      | Reached skill level 5 in Ranged Weapons
  7732 | D:8      | Reached skill level 5 in Throwing
  7732 | D:8      | Reached skill level 5 in Armour
  7732 | D:8      | Reached skill level 5 in Stealth
  7732 | D:8      | Reached skill level 5 in Shields
  7732 | D:8      | Reached skill level 5 in Spellcasting
  7732 | D:8      | Reached skill level 5 in Evocations
  7732 | D:8      | Reached XP level 10. HP: 67/76 MP: 17/17
  7985 | D:9      | Learned a level 3 spell: Frozen Ramparts
  8903 | D:9      | Noticed a two-headed ogre
  8911 | D:9      | Killed a two-headed ogre
  9085 | D:9      | Reached ** piety under Wu Jian
  9259 | D:9      | Found a staircase to the Orcish Mines.
  9260 | D:9      | Noticed a two-headed ogre
  9319 | D:9      | Killed a two-headed ogre
  9380 | D:9      | Reached skill level 9 in Unarmed Combat
  9466 | D:10     | Entered Level 10 of the Dungeon
  9473 | D:10     | Reached skill level 5 in Conjurations
  9473 | D:10     | Reached skill level 5 in Hexes
  9473 | D:10     | Reached skill level 5 in Summonings
  9473 | D:10     | Reached skill level 5 in Necromancy
  9473 | D:10     | Reached skill level 5 in Translocations
  9473 | D:10     | Reached skill level 5 in Fire Magic
  9473 | D:10     | Reached skill level 5 in Ice Magic
  9473 | D:10     | Reached skill level 5 in Air Magic
  9473 | D:10     | Reached skill level 5 in Earth Magic
  9473 | D:10     | Reached skill level 5 in Alchemy
  9558 | D:9      | Reached XP level 11. HP: 83/83 MP: 20/20
  9839 | D:10     | Learned a level 3 spell: Volatile Blastmotes
  9843 | D:10     | Learned a level 3 spell: Inner Flame
  9851 | D:11     | Noticed a boulder beetle
 10165 | D:10     | Killed a boulder beetle
 10429 | D:10     | Reached *** piety under Wu Jian
 10711 | D:11     | Learned a level 2 spell: Blink
 10714 | D:11     | Learned a level 2 spell: Call Imp
 10785 | D:10     | Found a transporter.
 10789 | D:10     | Found a transporter.
 10840 | D:10     | Noticed a two-headed ogre
 10866 | D:10     | Noticed a death knight
 10867 | D:10     | Found a basalt altar of Yredelemnul.
 10868 | D:10     | Noticed a death knight
 10872 | D:10     | Killed a two-headed ogre
 10908 | D:10     | Found an ancient bone altar of Kikubaaqudgha.
 11531 | D:11     | Found a runed translucent door.
 11833 | D:11     | Reached XP level 12. HP: 60/91 MP: 22/22
 12450 | D:12     | Reached **** piety under Wu Jian
 12451 | D:12     | Reached skill level 10 in Unarmed Combat
 12954 | D:11     | Found a runed translucent door.
 12977 | D:11     | Found a staircase to the Lair.
 13065 | D:11     | Noticed a two-headed ogre
 13086 | D:11     | Killed a two-headed ogre
 13459 | D:11     | Noticed a boulder beetle
 13777 | D:11     | Killed a boulder beetle
 13998 | D:11     | Learned a level 4 spell: Sticky Flame
 14416 | D:12     | Reached XP level 13. HP: 99/99 MP: 25/25
 14452 | D:12     | Reached skill level 10 in Shapeshifting
 14646 | D:12     | Reached ***** piety under Wu Jian
 15196 | D:14     | Found a gate to the Vaults.
 16232 | Lair:1   | Entered Level 1 of the Lair of Beasts
 16349 | Lair:1   | Found a gate leading to a gauntlet.
 16370 | Gauntlet | Entered a Gauntlet
 16370 | Gauntlet | Found a transporter.
 16370 | Gauntlet | Found a transporter.
 16370 | Gauntlet | Found a transporter.
 16371 | Gauntlet | Found a transporter.
 16374 | Gauntlet | Found a transporter.
 16374 | Gauntlet | Found a transporter.
 16395 | Gauntlet | Found a transporter.
 16399 | Gauntlet | Found a transporter.
 16401 | Gauntlet | Found a large runed translucent door.
 16402 | Gauntlet | Found a large runed translucent door.
 16403 | Gauntlet | Found a large runed translucent door.
 16403 | Gauntlet | Found a large runed translucent door.
 16403 | Gauntlet | Found a runed translucent door.
 16403 | Gauntlet | Found a runed translucent door.
 16404 | Gauntlet | Found a large runed translucent door.
 16405 | Gauntlet | Found a large runed translucent door.
 16406 | Gauntlet | Found a large runed translucent door.
 16406 | Gauntlet | Found a large runed translucent door.
 16406 | Gauntlet | Found a large runed translucent door.
 16406 | Gauntlet | Found a large runed translucent door.
 16407 | Gauntlet | Found a large runed translucent door.
 16407 | Gauntlet | Found a large runed translucent door.
 16408 | Gauntlet | Found a runed translucent gate.
 16408 | Gauntlet | Found a runed translucent gate.
 16408 | Gauntlet | Found a runed translucent gate.
 16410 | Gauntlet | Found a transporter.
 16421 | Gauntlet | Found a large runed translucent door.
 16422 | Gauntlet | Found a large runed translucent door.
 16444 | Gauntlet | Found a transporter.
 16491 | Gauntlet | Found a transporter.
 16495 | Gauntlet | Found a transporter.
 16939 | Gauntlet | HP: 4/100 [sphinx zombie (4)]
 17194 | Gauntlet | Noticed a minotaur
 17204 | Gauntlet | Killed a minotaur
 17205 | Gauntlet | Reached skill level 10 in Dodging
 17205 | Gauntlet | Reached skill level 11 in Unarmed Combat
 18769 | Lair:1   | Reached skill level 10 in Invocations
 18769 | Lair:1   | Reached XP level 14. HP: 87/108 MP: 21/27
 19142 | Orc:1    | Entered Level 1 of the Orcish Mines
 19294 | Orc:2    | Entered Level 2 of the Orcish Mines
 19294 | Orc:2    | Found a staircase to the Elven Halls.
 19891 | Orc:2    | Noticed Azrael
 20144 | Orc:1    | Killed Azrael
 20846 | Orc:1    | Noticed an orc warlord
 20865 | Orc:2    | Reached ****** piety under Wu Jian
 21474 | Orc:2    | Killed an orc warlord
 22206 | Orc:2    | Found Vuotta's General Store.
 22233 | Orc:2    | Found Sieniol's Distillery.
 22577 | Orc:2    | Bought a potion of heal wounds for 70 gold pieces
 22579 | Orc:2    | Bought a potion of berserk rage for 75 gold pieces
 22579 | Orc:2    | Bought a potion of curing for 45 gold pieces
 22579 | Orc:2    | Bought a potion of curing for 45 gold pieces
 22579 | Orc:2    | Bought a potion of curing for 45 gold pieces
 22579 | Orc:2    | Bought a potion of curing for 45 gold pieces
 22579 | Orc:2    | Bought a potion of curing for 45 gold pieces
 23022 | Orc:2    | Reached skill level 10 in Fighting
 23280 | Orc:1    | Learned a level 4 spell: Summon Lightning Spire
 24067 | Orc:2    | Paralysed by an orc sorcerer for 2 turns
 24086 | Orc:2    | HP: 2/110 [sixfirhy[an orc high priest] (9)]
 24889 | Orc:2    | Found Ekkuoph's Book Shoppe.
 24889 | Orc:2    | Found a one-way gate leading to the halls of Pandemonium.
 24889 | Orc:2    | Found Cyentauka's Antique Armour Emporium.
 25027 | Orc:2    | Learned a level 4 spell: Flame Wave
 25169 | Lair:3   | Found a staircase to the Swamp.
 25482 | Lair:2   | Reached skill level 10 in Short Blades
 25482 | Lair:2   | Reached skill level 10 in Long Blades
 25482 | Lair:2   | Reached skill level 10 in Axes
 25482 | Lair:2   | Reached skill level 10 in Maces & Flails
 25482 | Lair:2   | Reached skill level 10 in Polearms
 25482 | Lair:2   | Reached skill level 10 in Staves
 25482 | Lair:2   | Reached skill level 10 in Ranged Weapons
 25482 | Lair:2   | Reached skill level 10 in Throwing
 25482 | Lair:2   | Reached skill level 10 in Armour
 25482 | Lair:2   | Reached skill level 10 in Stealth
 25482 | Lair:2   | Reached skill level 10 in Shields
 25482 | Lair:2   | Reached skill level 10 in Spellcasting
 25482 | Lair:2   | Reached skill level 10 in Evocations
 26042 | Lair:2   | Identified the +9 plate armour "Zeocis" {rN+}
 26499 | Lair:3   | Found a transporter.
 26527 | Lair:3   | Reached XP level 15. HP: 117/117 MP: 25/29
 26607 | Lair:3   | Found a hole to the Spider Nest.
 26637 | Lair:3   | Found a transporter.
 26693 | Lair:3   | Noticed Sitazake's ghost (journeyman TrWr)
 26711 | Lair:3   | Reached skill level 12 in Unarmed Combat
 26720 | Lair:3   | Found a one-way gate to the infinite horrors of the Abyss.
 27447 | Lair:3   | Slain by Sitazake's ghost

Illustrated notes

Levels and vault maps discovered:
D:1:      dpeg_arrival_pond, layout_basic, shapermc_ecumenical_altar_ellora
D:2:      layout_basic
D:3:      layout_basic, lemuel_round_altar, kennysheep_okawaru_gauntlet,
          nicolae_figureground_pulse
D:4:      layout_basic, trog_hazing_becter, mainiacjoe_overflow_chevrons,
          amethyst_overflow_temple_binary, kennysheep_mini, portal_sewer_entry_e
D:5:      layout_gridville, minmay_temple_entry_slanted
D:6:      layout_layer_cave, mainiacjoe_overflow_brackets, moated_statue,
          blue_anna_alchemist
D:7:      layout_cave_pods, serial_shops, nicolae_shop_dealshenge
D:8:      layout_loops_cross, st_stairs_11
D:9:      layout_irregular_city, orc_0_dummy, grunt_decor_arrowhead
D:10:     layout_roguey, gammafunk_temple_of_torment
D:11:     cheibrodos_histonic, layout_small_grid, grunt_lair_entry_orc_guard_hut
D:12:     kennysheep_ambush_hall, layout_basic
D:13:     layout_rooms
D:14:     layout_rooms, david_vaults_3, serial_shops,
          nicolae_shop_rolling_square, palyth_stone_intersect,
          minmay_misc_feat_tiny, chequers_serial_rivers_small_a, uniq_frances,
          uniq_louise
Temple:   chequers_temple_sunken
Lair:1:   layout_regular_city, gauntlet_entry_generic
Lair:2:   layout_layer_cave, grunt_megastairs_5
Lair:3:   layout_roguey, skrybe_swamp_entry_bodies,
          hellmonk_spider_entry_not_the_bees, gammafunk_ghost_abyssal_escape,
          lemuel_fruit_tree
Lair:4:   layout_gridlike, dpeg_slime_entry_enclosed, nicolae_lair_lil_pond
Orc:1:    layout_caves
Orc:2:    pf_orc_diabolical, layout_caves, uniq_azrael

Skill      XL: |  1  2  3  4  5  6  7  8  9 10 11 12 13 14 15 |
---------------+----------------------------------------------+-----
Invocations    | 1 2 3 4 5 6 7 8 10 11 | 11.0
Short Blades   | 1 2 3 5 6 7 8 9 10 | 10.1
Long Blades    | 1 2 3 5 6 7 8 9 10 | 10.1
Axes           | 1 2 3 5 6 7 8 9 10 | 10.1
Maces & Flails | 1 2 3 5 6 7 8 9 10 | 10.1
Polearms       | 1 2 3 5 6 7 8 9 10 | 10.1
Staves         | 1 2 3 5 6 7 8 9 10 | 10.1
Ranged Weapons | 1 2 3 5 6 7 8 9 10 | 10.1
Throwing       | 1 2 3 5 6 7 8 9 10 | 10.1
Armour         | 1 2 3 5 6 7 8 9 10 | 10.1
Stealth        | 1 2 3 5 6 7 8 9 10 | 10.1
Shields        | 1 2 3 5 6 7 8 9 10 | 10.1
Spellcasting   | 1 2 3 5 6 7 8 9 10 | 10.1
Evocations     | 1 2 3 5 6 7 8 9 10 | 10.1
Conjurations   | 1 2 3 4 5 6 7 8 |  8.5
Hexes          | 1 2 3 4 5 6 7 8 |  8.5
Summonings     | 1 2 3 4 5 6 7 8 |  8.5
Necromancy     | 1 2 3 4 5 6 7 8 |  8.5
Translocations | 1 2 3 4 5 6 7 8 |  8.5
Fire Magic     | 1 2 3 4 5 6 7 8 |  8.5
Ice Magic      | 1 2 3 4 5 6 7 8 |  8.5
Air Magic      | 1 2 3 4 5 6 7 8 |  8.5
Earth Magic    | 1 2 3 4 5 6 7 8 |  8.5
Alchemy        | 1 2 3 4 5 6 7 8 |  8.5
Fighting       | 3 4 5 6 7 8 9 10 | 10.5
Dodging        | 5 6 7 8 9 10 11 | 11.1
Unarmed Combat | 7 8 9 10 11 12 | 12.0
Shapeshifting  | 7 8 9 10 11 | 11.3

Action                     |  1- 3 |  4- 6 |  7- 9 | 10-12 | 13-15 || total
---------------------------+-------+-------+-------+-------+-------++-------
  Melee: Unarmed           |    87 |   131 |   257 |   563 |  1127 ||  2165
         Bite              |     4 |    10 |    36 |    86 |   179 ||   315
         Punch             |       |     4 |       |       |       ||     4
  Throw: Javelin           |       |     7 |     4 |       |       ||    11
   Cast: Frozen Ramparts   |       |       |       |     9 |     2 ||    11
         Call Imp          |       |       |       |    10 |     7 ||    17
         Inner Flame       |       |       |       |     8 |     2 ||    10
         Volatile Blastmot |       |       |       |     3 |     2 ||     5
         Blink             |       |       |       |     2 |     3 ||     5
         Sticky Flame      |       |       |       |       |     1 ||     1
         Summon Lightning  |       |       |       |       |     2 ||     2
Ability: Lunge             |       |       |    19 |    30 |    60 ||   109
         Whirlwind         |       |       |     1 |    43 |   130 ||   174
         Wall Jump         |       |       |       |    57 |    74 ||   131
  Evoke: Wand              |       |       |     3 |     4 |       ||     7
         Lightning rod     |       |       |       |       |     3 ||     3
    Use: Scroll            |       |     9 |     3 |     6 |    11 ||    29
         Potion            |       |     1 |       |     5 |     7 ||    13
   Stab: Sleeping          |     3 |     1 |     1 |       |     3 ||     8
         Invisible         |       |       |       |     3 |       ||     3
         Distracted        |       |       |       |     1 |     1 ||     2
 Armour: Animal skin       |    27 |     2 |       |       |       ||    29
         Robe              |       |    47 |    19 |       |       ||    66
         Skin              |       |       |    57 |   189 |   419 ||   665
  Dodge: Dodged            |    56 |   147 |   242 |   567 |  1183 ||  2195
         Repelled          |       |       |     5 |     1 |     7 ||    13
   Form: Flux              |       |       |     1 |       |       ||     1

Table legend: (Time is in decaauts)
 A = Elapsed time spent in this place.
 B = Non-inter-level travel time spent in this place.
 C = Inter-level travel time spent in this place.
 D = Time resting spent in this place.
 E = Time spent auto-exploring this place.
 F = Levels seen in this place.
 G = Mean time per level.
                   A        B        C        D        E       F      G
               +--------+--------+--------+--------+--------+-----+--------+
         Total |  27471 |  26749 |    722 |   7239 |   9930 |  22 | 1248.7 |
       Dungeon |  16367 |  15737 |    630 |   2770 |   7501 |  14 | 1169.1 |
        Temple |     31 |     31 |      0 |      0 |      0 |   1 |   31.0 |
          Lair |   4094 |   4047 |     47 |    670 |   1988 |   4 | 1023.5 |
  Orcish Mines |   5935 |   5890 |     45 |   3166 |    441 |   2 | 2967.5 |
      Gauntlet |   1042 |   1042 |      0 |    633 |      0 |   1 | 1042.0 |
               +--------+--------+--------+--------+--------+-----+--------+

Top non-repeatable levels by time:
   Orc:2: 2985 daAuts
   Orc:1: 2950 daAuts
    D:11: 2777 daAuts
  Lair:1: 1770 daAuts
    D:10: 1512 daAuts
     D:6: 1369 daAuts
     D:8: 1308 daAuts
     D:9: 1305 daAuts
     D:4: 1282 daAuts
    D:12: 1248 daAuts
  Lair:2: 1218 daAuts
     D:5: 1158 daAuts
    D:13: 1104 daAuts
     D:2: 1049 daAuts
Gauntlet: 1042 daAuts
